 Dungeon Crawl Stone Soup version 0.18-a0-1718-g40ea4b6 (webtiles) character file.

2984 M4edhros the Covert (level 9, -2/61 HPs)
             Began as an Octopode Wanderer on Apr 8, 2016.
             Was an Initiate of Gozag.
             Slain by a warg (12 damage)
             ... on level 8 of the Dungeon.
             The game lasted 00:13:16 (8268 turns).

M4edhros the Covert (Octopode Wanderer)             Turns: 8268, Time: 00:13:18

Health: -2/61      AC:  1    Str: 15    XL:     9   Next: 83%
Magic:  26/26      EV: 14    Int: 12    God:    Gozag
Gold:   372        SH:  0    Dex: 15    Spells: 2 memorised, 14 levels left

rFire  + . .     SeeInvis .     I - +3 rapier
rCold  x . .     Gourm    .     (no shield)
rNeg   . . .     Faith    .     (helmet restricted)
rPois  .         Spirit   .     (no amulet)
rElec  .         Dismiss  .     w - ring of fire
rCorr  .         Reflect  .     j - ring of magical power
SustAt .         Harm     .     (no ring)
MR     +....                    (no ring)
Stlth  ++++++....               (no ring)
                                (no ring)
                                (no ring)
                                (no ring)

@: gold aura, somewhat resistant to hostile enchantments, very stealthy
A: almost no armour, amphibious, 8 rings, constrict 8, camouflage 1, magic
resistance 1, sense surroundings 1, strong 1, gelatinous body 1, evolution 1
a: Potion Petition, Call Merchant, Bribe Branch, Renounce Religion


You were on level 8 of the Dungeon.
You worshipped Gozag.
Gozag was noncommittal.
You were not hungry.

You visited 2 branches of the dungeon, and saw 9 of its levels.

You collected 891 gold pieces.
You paid 519 gold pieces to Gozag.

Inventory:

Hand Weapons
 b - a +0 spear
 h - the +3 hand axe "Taabrad" {drain, *Confuse +Blink rC+++ Int+2}
   (You found it on level 6 of the Dungeon)

   A truly terrible weapon, it drains the life of those it strikes.
   It affects your intelligence (+2).
   It renders you almost immune to cold.
   It lets you blink.
   It may confuse you when you take damage.
 y - a +1 hunting sling
 I - a +3 rapier (weapon)
 J - a +3 quarterstaff of chaos
Missiles
 e - 42 sling bullets
 g - 210 stones (quivered)
 r - 2 throwing nets
 z - 2 javelins
 D - 18 poisoned sling bullets
Jewellery
 j - a ring of magical power (right tentacle)
 w - a ring of fire (left tentacle)
Wands
 d - a wand of digging (5/24)
 A - a wand of digging (0/24)
 E - a wand of slowing (6/48)
 F - a wand of enslavement (18/24)
 K - a wand of confusion (25/48)
 M - a wand of acid (9/15)
 O - a wand of enslavement (5/24)
Scrolls
 c - 5 scrolls of teleportation
 l - 2 scrolls of blinking
 m - 5 scrolls of remove curse
 n - a scroll of magic mapping
 o - a scroll of fog
 p - a scroll of recharging {unknown}
 t - a scroll of random uselessness {unknown}
 u - a scroll of vulnerability
 x - 3 scrolls of fear
 L - 2 scrolls of identify
Potions
 i - 2 potions of ambrosia
 q - 3 potions of curing
 s - a potion of magic
 C - a potion of haste
 H - 2 potions of cure mutation
Books
 a - a Young Poisoner's Handbook

   Spells                             Type                      Level
   a - Sting                          Conjuration/Poison           1
   b - Cure Poison                    Poison                       2
   c - Mephitic Cloud                 Conjuration/Poison/Air       3
   d - Olgreb's Toxic Radiance        Poison                       4
   e - Venom Bolt                     Conjuration/Poison           5
 k - a book of Hinderance

   Spells                             Type                      Level
   a - Confusing Touch                Hexes                        2
   b - Confuse                        Hexes                        3
   c - Gell's Gravitas                Hexes/Translocation          3
   d - Petrify                        Transmutation/Earth          4
   e - Metabolic Englaciation         Hexes/Ice                    5
   f - Yara's Violent Unravelling     Hexes/Transmutation          5
 B - a book of the Warp

   Spells                             Type                      Level
   a - Recall                         Summoning/Translocation      3
   b - Gell's Gravitas                Hexes/Translocation          3
   c - Force Lance                    Conjuration/Translocation    4
   d - Warp Weapon                    Charms/Translocation         5
   e - Summon Forest                  Summoning/Translocation      5
Comestibles
 f - 6 bread rations
 v - a meat ration
 G - a beef jerky
 N - 3 fruits
 P - a royal jelly


   Skills:
 - Level 5.0 Fighting
 + Level 2.7 Slings
 + Level 4.7 Dodging
 * Level 10.2 Stealth
 + Level 5.4 Spellcasting
 - Level 4.3 Conjurations
   Level 1.0 Charms
 + Level 3.4 Air Magic
 - Level 6.1 Poison Magic


You had 14 spell levels left.
You knew the following spells:

 Your Spells              Type           Power        Failure   Level  Hunger
a - Sting                 Conj/Pois      ###.         1%          1    None
b - Mephitic Cloud        Conj/Pois/Air  ##......     12%         3    ###....


Dungeon Overview and Level Annotations

Branches:
Dungeon (8/15)             Temple (1/1) D:4
   Lair: D:8-11

Altars:
Ashenzari
Cheibriados
Dithmenos
Elyvilon
Fedhas
Gozag
Kikubaaqudgha
Makhleb
Nemelex Xobeh
Okawaru
Pakellas
Qazlal
Ru
Sif Muna
Trog
Vehumet
Yredelemnul
Zin
The Shining One

Shops:
D:8 [


Innate Abilities, Weirdness & Mutations

You cannot wear most types of armour.
You are amphibious.
You can wear up to eight rings at the same time.
You can use your tentacles to constrict eight enemies at once.
Your skin changes colour to match your surroundings (Stealth).
Your rubbery body absorbs attacks (AC +1).
You are resistant to hostile enchantments.
You passively map a small area around you.
Your muscles are strong. (Str +2)
You evolve.


Message History

You hit the warg.
The warg is lightly wounded.
Something hits you. The warg bites you.
* * * LOW HITPOINT WARNING * * *
You hear some strange, mumbled words.
A magic dart appears from out of thin air!
The magic dart hits you!
* * * LOW HITPOINT WARNING * * *
You are too injured to fight recklessly!
Unknown command.
You are too injured to fight recklessly!
Unknown command.
Drink which item? (? for menu, Esc to quit)
You feel better.
The jackal is no longer distracted by gold.
The warg bites you.
* * * LOW HITPOINT WARNING * * *
The warg bites you!
You die...
Your body crumbles into a pile of gold.

, , #####. *
# * ....... *
#.* , .......
#..,, * $,
**####### *
,....###### *
.........
,,,, , #..h{#
** , #h# *,
,, *
#@########..
* #...<.....#
$
*#########...
## , * #. , ,
$ , ,... * ,,
* * * * * *#
* , * ##.# ,,
....


You could see a warg and a jackal.

Vanquished Creatures
  Pikel (D:6)
  Sigmund (D:5)
  Eustachio (D:5)
  A hippogriff (D:8)
  Menkaure (D:5)
  2 orc warriors
  Duvessa (D:6)
  3 slaves
  2 ogres
  4 giant frogs
  Dowan (D:6)
  3 scorpions
  2 wights (D:8)
  6 crimson imps
  A giant frog skeleton (D:4)
  A jelly (D:5)
  A hound (D:6)
  4 orc priests
  Crazy Yiuf (D:6)
  2 iguanas
  Ijyb (D:3)
  Terence (D:3)
  2 orc wizards
  Natasha (thrice) (D:3 D:5)
  4 worker ants
  A hound skeleton (D:6)
  A worker ant zombie (D:6)
  7 adders
  4 gnolls (D:7)
  An ooze (D:2)
  4 worms
  2 dart slugs (D:2)
  3 giant geckos
  15 orcs
  A ball python (D:3)
  9 bats
  3 giant cockroaches
  10 goblins
  14 hobgoblins
  11 jackals
  9 kobolds
  3 quokkas (D:3)
  2 giant gecko skeletons
  5 giant newts
  2 quokka zombies
  8 rats
  A butterfly (D:4)
166 creatures vanquished.

Notes
Turn   | Place    | Note
--------------------------------------------------------------
     0 | D:1      | M4edhros the Octopode Wanderer began the quest for the Orb.
     0 | D:1      | M4edhros set off with: a Young Poisoner's Handbook, a +0 spear, a scroll of teleportation, a +0 dagger, a bread ration
     0 | D:1      | Reached XP level 1. HP: 18/18 MP: 1/1
    29 | D:1      | Reached skill level 1 in Dodging
   204 | D:1      | Reached XP level 2. HP: 23/24 MP: 2/2
   556 | D:1      | Reached XP level 3. HP: 28/29 MP: 3/3
   861 | D:1      | Gained mutation: You evolve. [potion of beneficial mutation]
   862 | D:1      | Gained mutation: Your muscles are strong. (Str +2) [potion of mutation]
   862 | D:1      | Gained mutation: You expend magic power (3 MP) to strengthen your wands. [potion of mutation]
  1235 | D:2      | Learned a level 1 spell: Sting
  1306 | D:2      | Reached XP level 4. HP: 31/35 MP: 4/4
  1391 | D:2      | Reached skill level 1 in Conjurations
  1486 | D:2      | Gained mutation: You are resistant to hostile enchantments. [evolution]
  1582 | D:2      | Reached skill level 1 in Spellcasting
  1816 | D:2      | Noticed a giant frog
  1824 | D:2      | Killed a giant frog
  1824 | D:2      | Reached XP level 5. HP: 29/39 MP: 5/7
  2358 | D:3      | Noticed Terence
  2368 | D:3      | Killed Terence
  2527 | D:3      | Noticed Ijyb
  2556 | D:3      | Reached XP level 6. HP: 26/45 MP: 9/9
  2567 | D:3      | Killed Ijyb
  2737 | D:3      | Learned a level 3 spell: Mephitic Cloud
  2742 | D:3      | Noticed Natasha
  2749 | D:3      | Killed Natasha
  2766 | D:3      | Reached skill level 3 in Stealth
  2843 | D:3      | Lost mutation: You expend magic power (3 MP) to strengthen your wands. [evolution]
  3116 | D:4      | Found a staircase to the Ecumenical Temple.
  3168 | Temple   | Entered the Ecumenical Temple
  3200 | Temple   | Became a worshipper of Gozag Ym Sagoz the Greedy
  3539 | D:4      | Reached skill level 4 in Stealth
  3539 | D:4      | Reached XP level 7. HP: 41/50 MP: 11/11
  3743 | D:4      | Reached skill level 5 in Poison Magic
  3923 | D:5      | Entered Level 5 of the Dungeon
  3996 | D:5      | Reached skill level 5 in Stealth
  4014 | D:5      | Noticed Menkaure
  4023 | D:5      | Killed Menkaure
  4032 | D:5      | Noticed Eustachio
  4042 | D:5      | Killed Eustachio
  4042 | D:5      | Reached skill level 6 in Stealth
  4042 | D:5      | Reached XP level 8. HP: 40/55 MP: 13/13
  4227 | D:5      | Noticed Natasha
  4251 | D:5      | Gained mutation: You passively map a small area around you. [evolution]
  4400 | D:5      | Killed Natasha
  4578 | D:5      | Noticed Natasha
  4589 | D:5      | Killed Natasha
  5069 | D:5      | Noticed Sigmund
  5079 | D:5      | Killed Sigmund
  5079 | D:5      | Reached skill level 7 in Stealth
  5258 | D:6      | Noticed Pikel
  5468 | D:6      | Noticed Duvessa
  5468 | D:6      | Noticed Dowan
  5708 | D:6      | Reached skill level 1 in Air Magic
  5716 | D:6      | Reached skill level 8 in Stealth
  5960 | D:6      | Killed Duvessa
  5964 | D:6      | Killed Dowan
  6090 | D:6      | Reached XP level 9. HP: 51/61 MP: 15/15
  6640 | D:6      | Got a brightly glowing hand axe
  6641 | D:6      | Identified the +3 hand axe "Taabrad" {drain, *Confuse +Blink rC+++ Int+2} (You found it on level 6 of the Dungeon)
  6908 | D:6      | Noticed Crazy Yiuf
  6914 | D:6      | Killed Crazy Yiuf
  7021 | D:6      | Killed Pikel
  7021 | D:6      | Reached skill level 1 in Slings
  7021 | D:6      | Reached skill level 9 in Stealth
  7021 | D:6      | Reached skill level 5 in Spellcasting
  7532 | D:7      | Found a radiant altar of Vehumet.
  7739 | D:7      | Reached skill level 10 in Stealth
  8268 | D:8      | Slain by a warg

Vault maps used:
D:1:      dpeg_arrival_rooms_with_view
D:2:      grunt_ministairs_13, minmay_ruptured
D:3:      hangedman_decor_growths, uniq_terence, uniq_iyjb, uniq_natasha
D:4:      minmay_temple_entry_butterflies, corexii_shack
D:5:      first_bread, uniq_sigmund, uniq_menkaure, uniq_eustachio
D:6:      uniq_duvessa, uniq_pikel, uniq_crazy_yiuf_cottage
D:7:      lemuel_doored_altar, serial_glass, glass_columns_c, glass_columns_b,
          minivault_19
D:8:      erik_lair_orcish_takeover, uniq_erica
Temple:   grunt_circular_temple_18

Skill      XL: |  1  2  3  4  5  6  7  8  9 |
---------------+----------------------------+-----
Dodging        | 1 2 3 4 |  4.7
Conjurations   | 1 2 3 4 |  4.3
Poison Magic   | 3 4 5 6 |  6.1
Spellcasting   | 1 2 3 4 5 |  5.4
Stealth        | 4 6 8 10 | 10.2
Air Magic      | 1 3 |  3.4
Slings         | 2 |  2.7
Fighting       | |  5.0
Charms         | |  1.0

Action                   |  1- 3 |  4- 6 |  7- 9 || total
-------------------------+-------+-------+-------++-------
Melee: Spear             |    93 |    83 |       ||   176
       Short sword       |       |    82 |   116 ||   198
       Rapier            |       |       |    68 ||    68
 Fire: Hunting sling     |       |     4 |    56 ||    60
Invok: Call Merchant     |       |       |     1 ||     1
Evoke: Wand              |       |     1 |     6 ||     7
  Use: Potion            |     4 |     1 |     3 ||     8
       Scroll            |       |     7 |     6 ||    13
 Stab: Sleeping          |    13 |    13 |    12 ||    38
       Distracted        |     2 |     1 |     1 ||     4
  Eat: Chunk             |     1 |     6 |     2 ||     9
       Pizza             |       |       |     2 ||     2
       Royal jelly       |       |       |     2 ||     2
       Beef jerky        |       |       |     2 ||     2
       Meat ration       |       |       |     1 ||     1
